← All builds
Front / Legion / Economy first / OBSERVED BUILD

Standard front

Legion Front build order · Supreme Isthmus

Builds a Legion Vehicle Plant immediately, fights with Lance and Barrage toward middle, and takes an Advanced Metal Extractor around 9:22 as the standard eco-first Front play.

#eco · 56 distinct matches · 24 players · 81% of Legion Front games · team won 58% of 59 · Recently observed

HOW TO PLAY IT

Key timing: Legion Vehicle Plant by 0:55

  1. Take mex and wind, then rush Legion Vehicle Plant immediately.
  2. Finish Legion Vehicle Plant fast to start Barrage and Lance.
  3. Send first units to the coast to stop leaks, not middle.
  4. Push Barrage and Lance to the coast line before moving to mid.
  5. Add Advanced Metal Extractor and keep mixed vehicle army flowing.

Phase by phase

TYPICAL OF ITS 56 GAMES
  1. 1
  2. 2
  3. 3
PLAY THE OPENING

Follow the example game's first 6:00 step by step: what to build now, what comes next, and where it goes. At 1× it keeps pace with your own game.

  1. 1

    Up to the Legion Vehicle Plant

    Economy
    • Metal Extractor2Mex
    • Wind Turbine1Wind
    Order
    1. Legion Vehicle PlantLegion Vehicle Plant after 2 mex, 1 winddone ~0:47, middle half 0:37–0:55

    By 0:24 in all: 2 mex · 1 wind

    The example game in this phase · 2 steps
    1. Mex ×2
    2. Legion Bot LabLegion Bot Labdone 0:35
  2. 2

    Legion Vehicle Plant to 5:00

    Economy
    • Metal Extractor4Mex
    • Wind Turbine7Wind
    Builders
    • Legion Construction Vehicle2 Legion Construction Vehicle
    Army
    • Pharos3 Pharos
    • Wheelie3 Wheelie
    • Lance3 Lance
    • Barrage2 Barrage

    Some games also: Decurion (47%) · con turret (41%) · Radar Tower (37%)

    By 5:00 in all: 6 mex · 8 wind

    The example game in this phase · 27 steps
    1. GoblinGoblin ×3
    2. Wind
    3. GoblinGoblin
    4. Wind
    5. GoblinGoblin
    6. Wind
    7. Legion Construction BotLegion Construction Bot ×2
    8. Mex
    9. BallistaBallista ×2
    10. Mex
    11. Legion Construction BotLegion Construction Bot
    12. Mex
    13. BallistaBallista ×3
    14. Mex
    15. BallistaBallista ×3
    16. PharosPharos
    17. BallistaBallista
    18. PharosPharos
    19. BallistaBallista
    20. PharosPharos
    21. BallistaBallista
    22. ZagreusZagreus ×2
    23. Radar TowerRadar Tower
    24. ZagreusZagreus
    25. BallistaBallista ×4
    26. Radar TowerRadar Tower
    27. BallistaBallista ×4
  3. 3

    5:00 to 10:00

    Economy
    • Metal Extractor1Mex
    • Wind Turbine17Wind
    Builders
    • Construction Turret1 Con turret
    Army
    • Pharos2 Pharos
    • Lance3 Lance

    Some games also: Decurion (46%) · Legion Construction Vehicle (46%) · energy storage (42%) · Radar Tower (41%) · Barrage (39%)

    By 10:00 in all: 7 mex · 24 wind · 1 energy storage · 2 con turret

    The example game in this phase · 127 steps
    1. BallistaBallista ×5
    2. ZagreusZagreus ×2
    3. BallistaBallista
    4. Dragon's TeethDragon's Teeth ×6
    5. BallistaBallista
    6. Dragon's TeethDragon's Teeth ×5
    7. BallistaBallista
    8. Dragon's TeethDragon's Teeth
    9. ArgusArgus
    10. GoblinGoblin
    11. Radar TowerRadar Tower
    12. BallistaBallista
    13. Wind
    14. GoblinGoblin
    15. BallistaBallista
    16. Wind
    17. BallistaBallista
    18. ArgusArgus
    19. Wind
    20. BallistaBallista
    21. Dragon's TeethDragon's Teeth
    22. Legion Construction BotLegion Construction Bot
    23. Dragon's TeethDragon's Teeth ×2
    24. Wind
    25. BrambleBramble
    26. Wind
    27. BrambleBramble
    28. Legion Construction BotLegion Construction Bot
    29. Advanced Metal ExtractorT2 mexdone 8:35 · typical 9:13
    30. BrambleBramble
    31. Wind
    32. BallistaBallista
    33. Wind
    34. BrambleBramble
    35. ZagreusZagreus
    36. Wind ×3
    37. Advanced Metal ExtractorT2 mex
    38. Wind
    39. ShipyardShipyarddone 9:19
    40. Wind ×3
    41. SyracusiaSyracusiadone 10:01
    42. Wind ×2
    43. Energy storage
    44. Wind
    45. Advanced Metal ExtractorT2 mex
    46. Wind
    47. Legion DroneLegion Drone
    48. SyracusiaSyracusia
    49. Wind ×2
    50. Legion DroneLegion Drone
    51. Wind
    52. Legion DroneLegion Drone
    53. SyracusiaSyracusia
    54. Wind
    55. Legion DroneLegion Drone
    56. Wind
    57. Legion DroneLegion Drone ×2
    58. SyracusiaSyracusia
    59. Wind
    60. PharosPharos
    61. Legion DroneLegion Drone
    62. SatyrSatyr
    63. Wind
    64. Legion DroneLegion Drone
    65. SatyrSatyr
    66. Wind
    67. SatyrSatyr
    68. Legion DroneLegion Drone
    69. SatyrSatyr
    70. Legion DroneLegion Drone
    71. Wind
    72. Legion DroneLegion Drone
    73. SatyrSatyr
    74. SyracusiaSyracusia
    75. Wind
    76. SatyrSatyr
    77. Legion DroneLegion Drone
    78. SatyrSatyr
    79. Legion DroneLegion Drone
    80. Wind
    81. Advanced Metal ExtractorT2 mex
    82. SatyrSatyr
    83. Legion DroneLegion Drone
    84. Wind
    85. KeteaSubmarine
    86. SatyrSatyr ×2
    87. Wind
    88. KeteaSubmarine
    89. Legion DroneLegion Drone
    90. SatyrSatyr
    91. KeteaSubmarine
    92. Wind
    93. SatyrSatyr ×2
    94. KeteaSubmarine
    95. Wind
    96. SatyrSatyr
    97. PharosPharos
    98. Wind
    99. Advanced Metal ExtractorT2 mex
    100. SatyrSatyr
    101. IapetusIapetus
    102. Wind
    103. SatyrSatyr
    104. KeteaSubmarine
    105. SatyrSatyr
    106. Wind
    107. KeteaSubmarine
    108. SatyrSatyr
    109. Wind
    110. SatyrSatyr
    111. KeteaSubmarine
    112. SatyrSatyr
    113. Wind
    114. SatyrSatyr
    115. Wind
    116. SatyrSatyr
    117. Advanced Metal ExtractorT2 mex
    118. SatyrSatyr
    119. Wind
    120. KeteaSubmarine ×5
    121. SatyrSatyr
    122. KeteaSubmarine ×6
    123. Wind
    124. KeteaSubmarine ×6
    125. SatyrSatyr
    126. Pit BullPit Bull
    127. SatyrSatyr

Counts are medians over the build's games: half of them build more, half fewer. The example game is XXMACGAMERXX's (33 OS, 07/09/2026); pick another.

Team trades

IN AT LEAST 30% OF ITS GAMES

You hand over

Nothing regular.

You get

  • Tidal Generator4 Tidal from Pondfirst at 0:15 · in 39% of games
  • Tidal Generator4 Tidal from Pondfirst at 0:17 · in 34% of games
  • Advanced Construction Bot1 T2 con bot from Geo or Techfirst at 7:21 · in 46% of games

How it plays out

Typical game of this build, running totals by minute

Metal produced

010k20k30k
0:005:0010:0015:00

metal

Enemy metal destroyed

02.5k5k7.5k
0:005:0010:0015:00

metal

Own metal lost

05k10k
0:005:0010:0015:00

metal

59 games.

Show as table
ByMetal produced: This buildEnemy metal destroyed: This buildOwn metal lost: This build
1:0033000
2:008382123
3:0016389369
4:002737275204
5:003791660400
6:0049471490930
7:00609523701439
8:00734930131961
9:00889037552931
10:001041143813770
11:001252947474213
12:001457657794939
13:001624661086040
14:001891267966680
15:002093572128266
WHAT THE NUMBERS SAY

Standard front play, won more often than the other front position's economy-first build with less metal produced.

  • + Won 59% of games despite producing less metal than Geo sea's build.
  • − Loses more metal early than it destroys (333 lost vs 602 destroyed by 5:00 is the only positive window).
THE EXAMPLE YOU ARE READING

XXMACGAMERXX

33.4 OS · 07/09/2026

Open source match ↗

5 received units · includes a constructor
1596 metal received · 52780 energy received

Allied construction assistance is unknown. Timings are observations, not a promise of solo reproducibility.

Typical milestones

Legion Vehicle Plant0:47Middle 50%: 0:37–0:55 · n=42
Advanced Metal Extractor9:13Middle 50%: 8:38–10:20 · n=39

Played most by

Hummell13games of this buildXuunnY8games of this buildXXMACGAMERXX5games of this build[Crd]Atlas4games of this buildTheGeneraI3games of this build